 Dungeon Crawl Stone Soup version 0.31-a0-150-g89dc3ad700 (webtiles) character file.

Game seed: 603006060874482713

9 lunkers the Magician (level 2, 0/24 HPs)
             Began as a Meteoran Wanderer on June 9, 2023.
             Slain by a hobgoblin (2 damage)
             ... on level 1 of the Dungeon.
             The game lasted 00:01:55 (314 turns).

lunkers the Magician (Meteoran Wanderer)             Turns: 314, Time: 00:01:55

Health: 0/24       AC:  2    Str: 13    XL:     2   Next: 35%
Magic:  6/6        EV: 11    Int: 15    God:
Gold:   48         SH:  0    Dex: 11    Spells: 6/6 levels left

rFire   . . .        a - +0 club
rCold   . . .        (no shield)
rNeg    . . .        b - +0 robe
rPois   .            (no helmet)
rElec   .            (no cloak)
rCorr   .            (no gloves)
SInv    .            (no boots)
Will    .....        (no amulet)
Stlth   +            (no ring)
HPRegen 0.24/turn    (no ring)
MPRegen 0.10/turn

%: no passive effects
@: glowing
A: sense surroundings 1, otherworldly, glowing, explore regen
a: no special abilities


You were on level 1 of the Dungeon.
You visited 1 branch of the dungeon, and saw 1 of its levels.

You collected 48 gold pieces.

Inventory:

Hand Weapons
 a - a +0 club (weapon)
Armour
 b - a +0 robe (worn)
Potions
 d - a potion of resistance {unknown}
 e - a potion of attraction {unknown}
Miscellaneous
 c - a piece from Xom's chessboard (13/15)


   Skills:
 + Level 2.0 Fighting
 - Level 1.0 Stealth
 - Level 2.8 Spellcasting
 - Level 2.6 Conjurations
 - Level 1.2 Hexes
 - Level 1.2 Invocations
 - Level 2.4 Evocations


You had 6 spell levels left.
You didn't know any spells.
Your spell library contained the following spells:

 Spells                   Type           Power      Damage    Failure   Level
 Searing Ray              Conj           20%        2d5       11%         2
 Kiss of Death            Conj/Necr      24%        2d7       12%         1
 Slow                     Hex            20%        N/A       12%         1
 Hailstorm                Conj/Ice       6%         3d4       34%         3
 Confusing Touch          Hex            5%         N/A       36%         3
 Sticky Flame             Conj/Fire      6%         2d3       75%         4
 Ice Form                 Ice/Tmut       2%         N/A       90%         4
 Simulacrum               Ice/Necr       1%         N/A       100%        6


Dungeon Overview and Level Annotations

Branches:
Dungeon (1/15) Zot: 271

Altars:


Innate Abilities, Weirdness & Mutations

You passively map a small area around you.
You are easily found by Zot.
You glow in the dark.
You regain HP and MP as you explore.


Message History

The ball python barely misses you. The ball python grabs you.
The ball python constricts you. The ball python bites you.
The ball python constricts you.
You hit the ball python.
You kill the ball python!
No target in view!
A quokka comes into view.
You see here 6 gold pieces.
A hobgoblin comes into view.
There are monsters nearby!
There are monsters nearby!
There are monsters nearby!
The quokka bites you.
You barely miss the quokka. The quokka barely misses you.
The quokka misses you.
You barely miss the quokka. The hobgoblin hits you. The quokka bites you.
The hobgoblin hits you but does no damage.
You hit the quokka.
The quokka is severely wounded.
The quokka bites you. The hobgoblin hits you. The quokka bites you.
* * * LOW HITPOINT WARNING * * *
You hit the quokka but do no damage.
The quokka is severely wounded.
The quokka bites you.
* * * LOW HITPOINT WARNING * * *
The hobgoblin hits you.
* * * LOW HITPOINT WARNING * * *
You hit the hobgoblin.
The hobgoblin is severely wounded.
The quokka barely misses you. The hobgoblin hits you.
* * * LOW HITPOINT WARNING * * *
The quokka barely misses you.
You closely miss the quokka.
The quokka is severely wounded.
The hobgoblin hits you.
* * * LOW HITPOINT WARNING * * *
The quokka bites you.
* * * LOW HITPOINT WARNING * * *
The hobgoblin hits you.
You die...

*...................# #.
...........#####.#.######### ##.
#..........# #.#..##.##.. ,...
....############.#......#.#####.
.... * #..........###....#.....
#. #........#........#..... ,
+......#...............# *
#......#.#.###..#.##.... ,
......r@...###..#.†#..## *
######g#..$.....#.....## *
#...........#.#...## *
..#.#.####..##...>### + ...#.#..
,#........... * , *.... #.###
,...##....... * ... ..
,.#..##.##.#.# , .## #.* ##..##.
#.#.# ,, ....#. #.#.#


You could see a quokka and a hobgoblin.

Vanquished Creatures
  A dart slug (D:1)
  An endoplasm (D:1)
  A goblin (D:1)
  A hobgoblin (D:1)
  A ball python (D:1)
  2 rats (D:1)
7 creatures vanquished.

Notes
Turn   | Place    | Note
-------+----------+-------------------------------------------
     0 | D:1      | lunkers the Meteoran Wanderer began the quest for the Orb.
     0 | D:1      | lunkers set off with the following items: a +0 club, a +0
                  | robe, a piece from Xom's chessboard (15/15); and the
                  | following spells available to memorise: Searing Ray, Kiss
                  | of Death, Slow, Confusing Touch, Sticky Flame.
     0 | D:1      | Reached XP level 1. HP: 16/16 MP: 5/5
   172 | D:1      | Reached XP level 2. HP: 14/23 MP: 6/6
   314 | D:1      | Slain by a hobgoblin

Illustrated notes

Levels and vault maps discovered:
D:1:      sevenhm_arrival_forest_fort_large_2, layout_basic

Skill      XL: |  1  2 |
---------------+-------+-----
Fighting       | 2 |  2.0
Stealth        | |  1.0
Spellcasting   | |  2.8
Conjurations   | |  2.6
Hexes          | |  1.2
Invocations    | |  1.2
Evocations     | |  2.4

Action                     || total
---------------------------++-------
  Melee: Club              ||    44
         Punch             ||     1
  Evoke: Piece from Xom's  ||     2
 Armour: Robe              ||     4
  Dodge: Dodged            ||    17

Table legend: (Time is in decaauts)
 A = Elapsed time spent in this place.
 B = Non-inter-level travel time spent in this place.
 C = Inter-level travel time spent in this place.
 D = Time resting spent in this place.
 E = Time spent auto-exploring this place.
 F = Levels seen in this place.
 G = Mean time per level.
                   A        B        C        D        E       F      G
               +--------+--------+--------+--------+--------+-----+--------+
         Total |    326 |    326 |      0 |      0 |    232 |   1 |  326.0 |
       Dungeon |    326 |    326 |      0 |      0 |    232 |   1 |  326.0 |
               +--------+--------+--------+--------+--------+-----+--------+

Top non-repeatable levels by time:
     D:1: 326 daAuts
